 Dungeon Crawl Stone Soup version 0.18.1-48-g4cf74bf (webtiles) character file.

51 atgrul the Poker (level 3, -3/28 HPs)
             Began as a Merfolk Skald on Aug 14, 2016.
             Slain by a gnoll
             ... wielding a +0 flail of crushing
              (7 damage)
             ... on level 2 of the Dungeon.
             The game lasted 00:04:07 (1436 turns).

atgrul the Poker (Merfolk Skald)                    Turns: 1436, Time: 00:04:07

Health: -3/28      AC:  3    Str: 12    XL:     3   Next: 83%
Magic:  6/6        EV: 11    Int: 12    God:
Gold:   81         SH:  0    Dex: 13    Spells: 1 memorised, 5 levels left

rFire  . . .     SeeInvis .     a - +0 spear
rCold  . . .     Gourm    .     b - +0 leather armour
rNeg   . . .     Faith    .     (no shield)
rPois  .         Spirit   .     (no helmet)
rElec  .         Dismiss  .     (no cloak)
rCorr  .         Reflect  .     (no gloves)
SustAt .         Harm     .     (no boots)
MR     .....                    (no amulet)
Stlth  +.........               (no ring)
                                (no ring)

@: not resistant to hostile enchantments, very unstealthy
A: change form in water, swift swim
a: no special abilities


You were on level 2 of the Dungeon.
You were not hungry.

You visited 1 branch of the dungeon, and saw 2 of its levels.

You collected 81 gold pieces.

Inventory:

Hand Weapons
 a - a +0 spear (weapon)
Armour
 b - a +0 leather armour (worn)
Scrolls
 j - 2 scrolls of random uselessness {unknown}
 l - 2 scrolls of amnesia {unknown}
 n - 2 scrolls of teleportation {unknown}
Potions
 e - 2 potions of brilliance {unknown}
 g - a potion of heal wounds {unknown}
 i - a potion of flight {unknown}
 k - a potion of degeneration {unknown}
 m - a potion of curing {unknown}
Books
 c - a book of Battle

   Spells                             Type                      Level
   a - Infusion                       Charms                       1
   b - Shroud of Golubria             Charms/Translocation         2
   c - Song of Slaying                Charms                       2
   d - Spectral Weapon                Hexes/Charms                 3
   e - Regeneration                   Charms/Necromancy            3
Comestibles
 d - a bread ration
 f - 2 chunks of flesh
 h - a fruit


   Skills:
 + Level 2.8 Fighting
 * Level 4.2 Polearms
 - Level 0.6 Armour
 - Level 1.3 Dodging
 - Level 2.0 Spellcasting
 + Level 4.1 Charms


You had 5 spell levels left.
You knew the following spells:

 Your Spells              Type           Power        Failure   Level  Hunger
a - Infusion              Chrm           ##..         8%          1    ##.....


Dungeon Overview and Level Annotations

Branches:
Dungeon (2/15)

Altars:
Vehumet


Message History

The gnoll is heavily wounded.
The gnoll barely misses you.
You hit the gnoll.
The gnoll is severely wounded.
The gnoll hits you with a flail of crushing.
The gnoll closely misses you.
You closely miss the gnoll.
The gnoll is severely wounded.
The gnoll hits you with a flail of crushing.
* * * LOW HITPOINT WARNING * * *
x2 The gnoll hits you from afar with a halberd.
* * * LOW HITPOINT WARNING * * *
You are too injured to fight recklessly!
You are too injured to fight recklessly!
The gnoll hits you with a flail of crushing.
* * * LOW HITPOINT WARNING * * *
x2 Your magical infusion is running out.
You are no longer magically infusing your attacks.
The gnoll hits you with a flail of crushing!
You die...

......###.#..#......'.........#..
......g...#.######'##..######.#..
........###......#.##..# #.#..
....(...########.#.##..# #.#..
...............#g#.##..# #.#..
......#.#####....#.##..# #.#..
.>...........>g###.##..# ..#..
#######.####...g.#..#..########..
#.# #...#@####............ #.#
#...#....#............ #.#
#...#.##.##'########## #.#
#...####.#..# #.# #........#.##
#.# #.#.######.# #.# #.#........#
#.# #.########## #.####.#


You could see 2 gnolls.

Vanquished Creatures
  An adder (D:2)
  An ooze (D:1)
  A worm (D:2)
  A dart slug (D:1)
  A giant gecko (D:1)
  5 bats
  2 giant cockroaches
  3 goblins
  3 hobgoblins
  3 jackals (D:2)
  2 giant newts (D:1)
  4 kobolds
  5 rats
32 creatures vanquished.

Notes
Turn   | Place    | Note
--------------------------------------------------------------
     0 | D:1      | atgrul the Merfolk Skald began the quest for the Orb.
     0 | D:1      | Reached XP level 1. HP: 16/16 MP: 3/3
    94 | D:1      | Reached XP level 2. HP: 21/23 MP: 5/5
   505 | D:1      | Reached XP level 3. HP: 17/28 MP: 6/6
  1380 | D:2      | Found a radiant altar of Vehumet.
  1402 | D:2      | HP: 1/28 [gnoll/flail of crushing (1)]
  1436 | D:2      | Slain by a gnoll

Skill      XL: |  1  2  3 |
---------------+----------+-----
Polearms       | 4 |  4.2
Charms         | 4 |  4.1
Fighting       | |  2.8
Armour         | |  0.6
Dodging        | |  1.3
Spellcasting   | |  2.0

Action                   || total
-------------------------++-------
Melee: Spear             ||   156
 Cast: Infusion          ||     7
 Stab: Sleeping          ||     1
  Eat: Chunk             ||     2
Armor: Leather armour    ||    42
Dodge: Dodged            ||    84
